 Dungeon Crawl Stone Soup version 0.30-a0-23-ge60ba3568b (webtiles) character file.

Game seed: 3587991983556207655

1229 ponyjar the Martial Artist (level 8, 0/54 HPs)
             Began as an Octopode Transmuter on Aug 25, 2022.
             Was a Follower of Fedhas.
             Killed from afar by a white imp (11 damage)
             ... with a puff of frost
             ... on level 6 of the Dungeon.
             The game lasted 00:06:01 (7231 turns).

ponyjar the Martial Artist (Octopode Transmuter)    Turns: 7231, Time: 00:06:01

Health: 0/54       AC:  1    Str: 15    XL:     8   Next: 48%
Magic:  11/11      EV: 12    Int: 17    God:    Fedhas [*.....]
Gold:   207        SH:  8    Dex: 13    Spells: 10/11 levels left

rFire   . . .      SeeInvis .      - Unarmed
rCold   . . .      Faith    .    r - +0 buckler
rNeg    . . .      Spirit   .    (helmet restricted)
rPois   .          Reflect  +    c - amulet of reflection
rElec   .          Harm     .    f - +6 ring of strength
rCorr   .          Rampage  .    (no ring)
Will    .....                    (no ring)
Stlth   ++........               (no ring)
HPRegen 0.18/turn                (no ring)
MPRegen 0.12/turn                (no ring)
                                 (no ring)
                                 (no ring)

@: no status effects
A: almost no armour, amphibious, 8 rings, camouflage 1, gelatinous body 1,
(nimble swimmer 1), tentacles
a: Renounce Religion


You were on level 6 of the Dungeon.
You worshipped Fedhas.
Fedhas was aware of your devotion.
You visited 2 branches of the dungeon, and saw 7 of its levels.
You also visited: Sewer.

You collected 297 gold pieces.
You spent 90 gold pieces at shops.

Inventory:

Armour
 r - a +0 buckler (worn)
Jewellery
 c - an amulet of reflection (around mantle)
 f - a +6 ring of strength (left tentacle)
Wands
 d - a wand of roots (14)
 k - a wand of flame (22)
Scrolls
 g - a scroll of enchant weapon {unknown}
 h - 2 scrolls of fog {unknown}
 i - 4 scrolls of identify {unknown}
 l - 3 scrolls of teleportation {unknown}
 m - a scroll of amnesia {unknown}
 p - a scroll of noise {unknown}
 s - a scroll of vulnerability {unknown}
Potions
 a - a potion of lignification
 b - 3 potions of curing
 e - 3 potions of heal wounds
 j - a potion of resistance {unknown}
 n - a potion of might {unknown}
 o - 5 potions of flight
 q - a potion of ambrosia {unknown}
 t - a potion of degeneration {unknown}


   Skills:
 * Level 4.0 Fighting
 - Level 2.1 Dodging
 * Level 8.6 Unarmed Combat
 - Level 2.1 Spellcasting
 * Level 4.4 Transmutations


You had 10 spell levels left.
You knew the following spells:

 Your Spells              Type           Power      Damage    Failure   Level
a - Beastly Appendage     Tmut           32%        N/A       4%          1

Your spell library contained the following spells:

 Spells                   Type           Power      Damage    Failure   Level
 Wereblood                Tmut           16%        N/A       6%          2
 Foxfire                  Conj/Fire      4%         2x1d4     26%         1
 Spider Form              Tmut/Pois      9%         N/A       32%         3
 Ozocubu's Armour         Ice            1%         N/A       61%         3
 Ice Form                 Ice/Tmut       9%         N/A       71%         4
 Cause Fear               Hex            0%         N/A       95%         4
 Metabolic Englaciation   Hex/Ice        0%         N/A       100%        5
 Simulacrum               Ice/Necr       0%         N/A       100%        6
 Dragon Form              Tmut           8%         N/A       100%        7
 Dragon's Call            Summ           0%         N/A       100%        9


Dungeon Overview and Level Annotations

Branches:
Dungeon (6/15)             Temple (1/1) D:4           Sewer (visited)

Altars:
Ashenzari
Dithmenos
Fedhas
Gozag
Kikubaaqudgha
Nemelex Xobeh
Okawaru
Qazlal
Sif Muna
Trog
Uskayaw
Vehumet
Xom
Yredelemnul
Zin
The Shining One


Innate Abilities, Weirdness & Mutations

You cannot wear most types of armour.
You are amphibious.
You can wear up to eight rings at the same time.
Your skin changes colour to match your surroundings (Stealth+).
Your rubbery body absorbs attacks. (AC +1, EV +1)
((You are camouflaged when in or above water. (Stealth+)))
You have tentacles for arms and can constrict up to eight enemies at once.


Message History

There is an open door here.
There is a stone staircase leading down here.
You climb downwards.
There is a stone staircase leading up here.
Found a stone staircase leading down.
No target in view!
t - a viscous green potion
Found a stone staircase leading down.
No target in view!
No target in view!
i - 4 scrolls labelled EMAKAS UVINOELEE (gained 1)
A gnoll sergeant, an orc wizard, a steam dragon and a white imp come into view.
The gnoll sergeant is wielding a +4 spear of freezing.
The gnoll sergeant shouts!
You hear a croak.
The orc wizard shouts!
The white imp gestures at you. The puff of frost hits you!
There are monsters nearby!
You block the white imp's attack.
Unknown command.
You tentacle-slap the white imp. Your grab misses the white imp.
Your squeeze misses the white imp.
The white imp is heavily wounded.
You barely miss the white imp. You grab the white imp.
The white imp is heavily wounded.
You constrict the white imp. The white imp closely misses you.
The gnoll sergeant hits you from afar with a +4 spear of freezing!
The gnoll sergeant freezes you.
You tentacle-slap the white imp but do no damage.
You squeeze the white imp.
The white imp is severely wounded.
You constrict the white imp, but do no damage.
The gnoll sergeant hits you from afar with a +4 spear of freezing!
* * * LOW HITPOINT WARNING * * *
The gnoll sergeant freezes you.
* * * LOW HITPOINT WARNING * * *
The white imp gestures at you. The puff of frost hits you!
You die...
Fedhas appreciates your contribution to the ecosystem.

######## ..###.#
#......#########..#..#
######.....##.......>.
...##.....#.......#.
#..##.......##...##.
#.D#................
#go#................
#5##...............
#.@#...............
#$.#..#........####
#..#..#........###.
#.....##.......#..<
#####..#.......#...
..........#...
.####......... .#
#....#.... ..
#....##...


You could see a steam dragon, a gnoll sergeant, an orc wizard and a white imp.

Vanquished Creatures
  A hornet (D:4)
  An ogre (D:5)
  2 phantoms (D:5)
  2 kobold brigands (Sewer)
  A scorpion (D:5)
  A necrophage (D:4)
  2 centaur zombies (D:5)
  An orc priest (D:5)
  Terence (D:2)
  Jessica (D:3)
  3 iguanas (D:5)
  2 orc wizards (D:5)
  A statue (D:3)
  11 adders
  3 river rats (Sewer)
  A shadow imp (D:5)
  A white imp (D:5)
  2 worms
  2 dart slugs
  8 orcs
  7 bats
  9 endoplasms
  10 giant cockroaches
  11 hobgoblins
  2 jackals
  6 kobolds
  5 quokkas
  7 ball pythons
  3 frilled lizards
  15 goblins
  9 rats
131 creatures vanquished.

Notes
Turn   | Place    | Note
-------+----------+-------------------------------------------
     0 | D:1      | ponyjar the Octopode Transmuter began the quest for the
                  | Orb.
     0 | D:1      | Reached XP level 1. HP: 13/13 MP: 3/3
   397 | D:1      | Reached XP level 2. HP: 18/18 MP: 5/5
  1107 | D:1      | Reached XP level 3. HP: 23/23 MP: 6/6
  1358 | D:1      | Found a faded altar of an unknown god.
  1364 | D:1      | Got Plato's Omnibus of Heat
  1682 | D:1      | Reached skill level 4 in Unarmed Combat
  1890 | D:2      | Noticed Terence
  1911 | D:2      | Killed Terence
  1912 | D:2      | Reached XP level 4. HP: 14/28 MP: 7/7
  2901 | D:2      | Reached skill level 5 in Unarmed Combat
  3308 | D:3      | Reached XP level 5. HP: 24/33 MP: 8/8
  3310 | D:3      | Noticed Jessica
  3396 | D:3      | Killed Jessica
  3860 | D:3      | Found a radiant altar of Vehumet.
  3860 | D:3      | Noticed a charred statue
  3945 | D:3      | Killed a charred statue
  4157 | D:4      | Reached skill level 6 in Unarmed Combat
  4157 | D:4      | Reached XP level 6. HP: 36/38 MP: 9/9
  4308 | D:4      | Found a glowing drain.
  4470 | Sewer    | Entered a sewer
  4525 | Sewer    | Reached skill level 7 in Unarmed Combat
  4532 | Sewer    | Reached XP level 7. HP: 16/43 MP: 10/10
  4738 | Sewer    | Found a glowing silver altar of Zin.
  4834 | D:4      | Found a shimmering blue altar of Sif Muna.
  4886 | D:4      | Noticed a hornet
  4893 | D:4      | Killed a hornet
  5170 | D:4      | Found a broken altar of Ashenzari.
  5363 | D:4      | Found a staircase to the Ecumenical Temple.
  5369 | Temple   | Entered the Ecumenical Temple
  5508 | Temple   | Became a worshipper of Fedhas Madash
  5553 | D:5      | Entered Level 5 of the Dungeon
  5572 | D:5      | Reached skill level 8 in Unarmed Combat
  5795 | D:5      | Reached XP level 8. HP: 32/52 MP: 11/11
  6011 | D:5      | Found Zin's Purification Station.
  6013 | D:5      | Found a glowing silver altar of Zin.
  6019 | D:5      | Bought a potion of curing for 90 gold pieces
  6616 | D:5      | Reached * piety under Fedhas
  6666 | D:5      | Found a basalt altar of Yredelemnul.
  7231 | D:6      | Killed from afar by a white imp

Illustrated notes

Levels and vault maps discovered:
D:1:      eino_arrival_water_star, layout_basic,
          shapermc_ecumenical_altar_rom_forum, chequers_arboretum,
          minmay_domino_4
D:2:      cheibrodos_greedy_goblins, layout_basic, minivault_11, uniq_terence
D:3:      layout_rooms, vehumet_statue, minmay_checkerbox, uniq_jessica
D:4:      layout_cave_pools, nicolae_ashenzari_skybound,
          mainiacjoe_overflow_tiny_flanked, minmay_temple_entry_fiery,
          gup_sewer_entry_glass
D:5:      layout_basic, lemuel_zombie_altar_yredelemnul, zin_purify,
          serial_rivers, chequers_serial_rivers_micro_a,
          chequers_serial_rivers_small_b, chequers_serial_rivers_room_a,
          chequers_serial_rivers_micro_e, chequers_serial_rivers_micro_d,
          chequers_serial_rivers_large_b
D:6:      minmay_angry_zag, layout_cave_pools, nicolae_overflow_hidden_temple,
          old_standard_altar, nicolae_ru_sacrificial_ziggurat,
          hangedman_decor_peaks_small, nicolae_underground_beach
Temple:   nicolae_temple_ecumenical_triangle

Skill      XL: |  1  2  3  4  5  6  7  8 |
---------------+-------------------------+-----
Unarmed Combat | 4 5 6 7 8 |  8.6
Fighting       | 3 4 |  4.0
Transmutations | 3 4 |  4.4
Dodging        | |  2.1
Spellcasting   | |  2.1

Action                   |  1- 3 |  4- 6 |  7- 9 || total
-------------------------+-------+-------+-------++-------
Melee: Unarmed           |    91 |   125 |    93 ||   309
       Constrict         |    22 |    30 |    19 ||    71
       Tentacles         |    15 |    25 |    22 ||    62
       Punch             |     2 |    10 |     7 ||    19
  Use: Potion            |     1 |       |     1 ||     2
 Stab: Sleeping          |     9 |     7 |     4 ||    20
Armor: Skin              |    12 |    11 |     1 ||    24
Dodge: Dodged            |    56 |    49 |    46 ||   151
Block: Other             |       |    19 |     6 ||    25
       Reflection        |       |     1 |       ||     1
       Buckler           |       |       |    14 ||    14

Table legend: (Time is in decaauts)
 A = Elapsed time spent in this place.
 B = Non-inter-level travel time spent in this place.
 C = Inter-level travel time spent in this place.
 D = Time resting spent in this place.
 E = Time spent auto-exploring this place.
 F = Levels seen in this place.
 G = Mean time per level.
                   A        B        C        D        E       F      G
               +--------+--------+--------+--------+--------+-----+--------+
         Total |   7204 |   6991 |    213 |    500 |   5493 |   8 |  900.5 |
       Dungeon |   6750 |   6551 |    199 |    500 |   5198 |   6 | 1125.0 |
        Temple |    143 |    129 |     14 |      0 |     32 |   1 |  143.0 |
         Sewer |    310 |    310 |      0 |      0 |    263 |   1 |  310.0 |
               +--------+--------+--------+--------+--------+-----+--------+

Top non-repeatable levels by time:
     D:1: 1828 daAuts
     D:5: 1546 daAuts
     D:2: 1315 daAuts
     D:4: 1052 daAuts
     D:3: 965 daAuts
   Sewer: 310 daAuts
  Temple: 143 daAuts
     D:6: 41 daAuts
